 Dungeon Crawl Stone Soup version 0.22-a0-165-g89cf10f13c (webtiles) character file.

6387 Ordine the Basher (level 10, 0/56 HPs)
             Began as a Gargoyle Fighter on Feb 13, 2018.
             Was a High Priest of Okawaru.
             Slain by a seven-headed hydra (8 damage)
             ... on level 1 of the Lair of Beasts.
             The game lasted 00:25:21 (9492 turns).

Ordine the Basher (Gargoyle Fighter)                Turns: 9492, Time: 00:25:23

Health: 0/56       AC: 14    Str: 19    XL:     10   Next: 97%
Magic:  11/16      EV: 10    Int: 18    God:    Okawaru [*****.]
Gold:   559        SH: 12    Dex:  7    Spells: 9/9 levels left

rFire    . . .     SeeInvis .   D - +2 mace (protect)
rCold    + . .     Gourm    .   c - +1 shield
rNeg     + . .     Faith    .   y - +1 robe "Mutenn" {rElec Int+3 Dex-4 Slay+2} (curse)
rPois    ∞         Spirit   .   q - +0 helmet
rElec    +         Reflect  .   l - scarf {cloud immunity}
rCorr    .         Harm     .   (no gloves)
MR       .....                  j - +2 pair of boots
Stlth    ++........             C - amulet of rage
HPRegen  0.18/turn              e - ring of stealth
MPRegen  0.15/turn              h - ring of protection from cold

@: finesse
A: agile 1, clever 1, negative energy resistance 1, electricity resistance,
unbreathing, petrification resistance, rot immunity, AC +7
a: Heroism, Finesse, Renounce Religion, Evoke Berserk Rage


You were on level 1 of the Lair of Beasts.
You worshipped Okawaru.
Okawaru was extremely pleased with you.
You were not hungry.

You visited 3 branches of the dungeon, and saw 11 of its levels.

You collected 559 gold pieces.

Inventory:

Hand Weapons
 D - a +2 mace of protection (weapon)
Armour
 c - a +1 shield (worn)
 j - a +2 pair of boots (worn)
 l - a scarf of cloud immunity (worn)
 q - a +0 helmet (worn)
 y - the cursed +1 robe "Mutenn" (worn) {rElec Int+3 Dex-4 Slay+2}
   (You found it on level 6 of the Dungeon)

   It affects your intelligence (+3).
   It affects your dexterity (-4).
   It affects your accuracy and damage with ranged weapons and melee attacks
   (+2).
   It insulates you from electricity.
   It has a curse placed upon it.
Jewellery
 e - a ring of stealth (left hand)
 h - a ring of protection from cold (right hand)
 C - an amulet of rage (around neck)
Wands
 A - a wand of flame (19)
Scrolls
 g - 2 scrolls of immolation
 i - a scroll of enchant armour
 s - 3 scrolls of teleportation
 t - 2 scrolls of enchant weapon
 v - 6 scrolls of amnesia
 w - 3 scrolls of remove curse
 x - a scroll of blinking
Potions
 b - a potion of cancellation {unknown}
 k - 3 potions of flight
 n - 2 potions of brilliance
 r - a potion of resistance {unknown}
 u - a potion of degeneration {unknown}
 z - a potion of mutation
 B - a potion of heal wounds {unknown}
Books
 a - a book of Conjurations

   Spells                             Type                      Level
   a - Magic Dart                     Conjuration                  1
   b - Searing Ray                    Conjuration                  2
   c - Dazzling Spray                 Conjuration/Hexes            3
   d - Fulminant Prism                Conjuration/Hexes            4
   e - Force Lance                    Conjuration/Translocation    4
   f - Iskenderun's Mystic Blast      Conjuration                  4
Comestibles
 d - 8 chunks of flesh
 f - 20 rations


   Skills:
 + Level 3.5 Fighting
 + Level 11.2 Maces & Flails
 + Level 3.5 Armour
 + Level 0.6 Dodging
 + Level 10.1 Shields
 * Level 8.3 Invocations
 + Level 0.0 Evocations


You had 9 spell levels left.
You didn't know any spells.

Dungeon Overview and Level Annotations

Branches:
Dungeon (9/15)             Temple (1/1) D:4            Lair (1/6) D:8
    Orc: D:9-12

Altars:
Ashenzari
Cheibriados
Dithmenos
Elyvilon
Fedhas
Gozag
Hepliaklqana
Kikubaaqudgha
Makhleb
Nemelex Xobeh
Okawaru
Qazlal
Ru
Sif Muna
Trog
Uskayaw
Vehumet
Wu Jian
Xom
Yredelemnul
Zin
The Shining One


Innate Abilities, Weirdness & Mutations

You are resistant to torment.
Your stone body is resilient. (AC +7)
You are immune to poison.
You resist negative energy. (rN+)
You are resistant to electric shocks. (rElec)
You can survive without breathing.
You are immune to petrification.
You are immune to rotting.
You are agile. (Dex +2)
Your mind is acute. (Int +2)


Message History

The seven-headed hydra closely misses you.
The seven-headed hydra bites you!
You block the seven-headed hydra's attack.
The seven-headed hydra bites you. The seven-headed hydra bites you!
You block the seven-headed hydra's attack.
Unknown command.
You fail to use your ability.
The seven-headed hydra bites you.
You block the seven-headed hydra's attack. x3
The seven-headed hydra bites you but does no damage.
The seven-headed hydra completely misses you.
The seven-headed hydra barely misses you.
Unknown command.
You fail to use your ability.
The seven-headed hydra bites you!
The seven-headed hydra bites you but does no damage. x2
You block the seven-headed hydra's attack.
The seven-headed hydra bites you!
* * * LOW HITPOINT WARNING * * *
You block the seven-headed hydra's attack.
The seven-headed hydra bites you!
You die...

#..(.## ###....#.#...###
#....## #...####.......#
##.....###...##..........
###P...........##.....(....
#....#.....#..##...#....#..
...#.......<###....##.⌠.# #
.#####.....÷###..### ...#
.####.......##...# ....#
.......#....##>.@# .>...
.......#.[..##..D# ..#
.....###....###..# ....
##....##....# #...###.⌠.###.
..#.#.##P...# #...D.........
#.....####.######...........
####P.).......## ....D......
#####.###P..#..####/......#
........###.##...P##....###


You could see a seven-headed hydra.

Vanquished Creatures
  Joseph (D:7)
  A black mamba (D:8)
  The ghost of MrRokkomies the Chiller, a novice OpIE (D:4)
  3 hornets (D:8)
  2 blink frogs
  A hippogriff (Lair:1)
  Grum (D:7)
  A hungry ghost (D:7)
  A soldier ant (D:8)
  4 water moccasins
  2 orc warriors (D:8)
  2 black bears (D:8)
  A phantom (D:8)
  3 necrophages
  A sky beast (D:8)
  6 wolves
  A centaur (D:8)
  A crocodile (Lair:1)
  8 bullfrogs
  A gnoll sergeant (D:6)
  A killer bee (D:8)
  5 wights (D:8)
  A vampire bat (D:7)
  2 howler monkeys
  A crimson imp (D:7)
  A quasit (D:5)
  A jelly (D:7)
  4 hounds
  7 orc priests
  A bullfrog skeleton (D:4)
  10 orc wizards
  2 iguanas
  7 worker ants
  2 hound zombies
  A hound skeleton (D:7)
  7 adders
  A shadow imp (D:8)
  2 oozes
  An adder zombie (D:8)
  3 worms
  A dart slug (D:2)
  10 leopard geckos
  29 orcs
  2 ball pythons (D:7)
  A bat skeleton (D:7)
  5 bat zombies (D:7)
  5 giant cockroaches
  4 goblins
  5 hobgoblins
  8 kobolds
  7 quokkas
  9 bats
  4 frilled lizards
  A giant cockroach zombie (D:6)
  A jackal zombie (D:6)
  A quokka zombie (D:7)
  A rat (D:3)
196 creatures vanquished.

Notes
Turn   | Place    | Note
-------+----------+-------------------------------------------
     0 | D:1      | Ordine the Gargoyle Fighter began the quest for the Orb.
     0 | D:1      | Reached XP level 1. HP: 14/14 MP: 1/1
    83 | D:1      | Reached XP level 2. HP: 13/19 MP: 2/2
   480 | D:1      | Reached skill level 3 in Maces & Flails
   557 | D:1      | Reached XP level 3. HP: 23/23 MP: 3/3
  1066 | D:2      | Found a faded altar of an unknown god.
  1087 | D:2      | Reached XP level 4. HP: 28/28 MP: 4/4
  1438 | D:3      | Reached skill level 4 in Maces & Flails
  1479 | D:3      | Noticed a necrophage
  1495 | D:3      | Killed a necrophage
  1495 | D:3      | Reached XP level 5. HP: 30/32 MP: 5/5
  1786 | D:4      | Found a staircase to the Ecumenical Temple.
  1802 | Temple   | Entered the Ecumenical Temple
  1870 | Temple   | Became a worshipper of Warmaster Okawaru
  2122 | D:4      | Reached skill level 5 in Maces & Flails
  2245 | D:4      | Noticed MrRokkomies's ghost (novice OpIE)
  2273 | D:4      | Killed MrRokkomies's ghost
  2273 | D:4      | Reached * piety under Okawaru
  2273 | D:4      | Reached skill level 6 in Maces & Flails
  2273 | D:4      | Reached skill level 5 in Shields
  2273 | D:4      | Reached XP level 6. HP: 14/37 MP: 6/6
  2273 | D:4      | Reached XP level 7. HP: 15/41 MP: 7/7
  2810 | D:4      | Found a shimmering altar of Xom.
  2811 | D:4      | Found a hazy altar of Hepliaklqana.
  2812 | D:4      | Noticed a spectral ugly thing
  2912 | D:5      | Entered Level 5 of the Dungeon
  3573 | D:5      | Found a bloodstained altar of Trog.
  3574 | D:5      | Found a stormy altar of Qazlal.
  3574 | D:5      | Found a hide-covered altar of Uskayaw.
  3934 | D:6      | Reached skill level 7 in Maces & Flails
  3995 | D:6      | Reached ** piety under Okawaru
  3995 | D:6      | Reached XP level 8. HP: 44/46 MP: 8/8
  4067 | D:6      | Got a slimy robe
  4086 | D:6      | Identified the cursed +1 robe "Mutenn" {rElec Int+3 Dex-4 Slay+2} (You found it on level 6 of the Dungeon)
  4409 | D:6      | Reached skill level 8 in Maces & Flails
  4824 | D:7      | Found an ancient bone altar of Kikubaaqudgha.
  4906 | D:7      | Found an ornate altar of the Wu Jian Council.
  4958 | D:7      | Noticed Joseph
  4991 | D:7      | Killed Joseph
  4991 | D:7      | Reached *** piety under Okawaru
  4991 | D:7      | Reached skill level 9 in Maces & Flails
  4991 | D:7      | Reached XP level 9. HP: 28/51 MP: 9/9
  5850 | D:7      | Found a blossoming altar of Fedhas.
  5850 | D:7      | Found a sacrificial altar of Ru.
  6014 | D:7      | Reached skill level 10 in Maces & Flails
  6276 | D:7      | Reached skill level 1 in Invocations
  6545 | D:8      | Reached **** piety under Okawaru
  6713 | D:8      | Noticed Grum
  6811 | D:7      | Killed Grum
  7050 | D:8      | Found a staircase to the Lair.
  7187 | D:8      | Reached skill level 5 in Invocations
  7187 | D:8      | Reached XP level 10. HP: 41/56 MP: 13/13
  7449 | D:8      | Reached ***** piety under Okawaru
  8101 | D:8      | Received a gift from Okawaru
  8396 | D:8      | Found an opulent altar of Gozag.
  8434 | D:9      | Noticed a two-headed ogre
  8434 | D:9      | Noticed a two-headed ogre
  8534 | Lair:1   | Entered Level 1 of the Lair of Beasts
  8583 | D:8      | Gained mutation: Your mind is acute. (Int +2) [potion of mutation]
  8583 | D:8      | Gained mutation: You are agile. (Dex +2) [potion of mutation]
  8903 | D:8      | Reached skill level 11 in Maces & Flails
  9046 | Lair:1   | Reached skill level 10 in Shields
  9090 | Lair:1   | Noticed a black mamba
  9115 | D:8      | Killed a black mamba
  9379 | Lair:1   | Noticed a seven-headed hydra
  9492 | Lair:1   | Slain by a seven-headed hydra

Vault maps used:
D:1:      dpeg_arrival_fog
D:2:      chequers_ecumenical_altar_simple, first_ration
D:4:      regret_index_temple_of_mockery, temple_fountains
D:5:      minitemple, corexii_shack
D:6:      serial_bayou_pond_e, corexii_hall_statues_deadend,
          minmay_misc_feat_enclosed, kennysheep_doodads, grunt_tough_drop
D:7:      gammafunk_temple_overflow_elements, kennysheep_vampire_church,
          basic_altar, uniq_joseph
D:8:      grunt_gozag_statues, lair_entry_dummy, hangedman_pestilent_swarm,
          uniq_grum
D:9:      orc_0_dummy, special_room, nicolae_dithmenos_the_darkroom,
          uniq_prince_ribbit1, uniq_psyche
Temple:   oiseaux_autumnal_temple
Lair:1:   basic_altar, serial_bayou_pond_b, grunt_megastairs_5, uniq_nergalle

Skill      XL: |  1  2  3  4  5  6  7  8  9 10 |
---------------+-------------------------------+-----
Maces & Flails | 3 4 6 7 9 10 11 | 11.2
Shields        | 4 5 6 7 9 10 | 10.1
Invocations    | 5 8 |  8.3
Fighting       | |  3.5
Armour         | |  3.5
Dodging        | |  0.6

Action                   |  1- 3 |  4- 6 |  7- 9 | 10-12 || total
-------------------------+-------+-------+-------+-------++-------
Melee: Flail             |   143 |    76 |   464 |       ||   683
       Mace              |       |       |   240 |   334 ||   574
Invok: Finesse           |       |       |       |     1 ||     1
Evoke: Wand              |       |       |       |     5 ||     5
  Use: Scroll            |     5 |     5 |     5 |     1 ||    16
       Potion            |       |     2 |     3 |     3 ||     8
 Stab: Sleeping          |       |       |     4 |     2 ||     6
  Eat: Chunk             |     1 |     4 |    15 |     4 ||    24
       Ration            |       |       |     2 |     1 ||     3
Armor: Scale mail        |   103 |    30 |       |       ||   133
       Chain mail        |       |    11 |   205 |       ||   216
       Robe              |       |       |   148 |   154 ||   302
       Skin              |       |       |    70 |       ||    70
Dodge: Dodged            |    51 |    14 |   197 |   105 ||   367
Block: Shield            |    68 |    26 |   381 |   210 ||   685

Table legend:
 A = Spawn XP
 B = Non-spawn XP
 C = Spawn XP percentage of total XP
 D = Spawn monster count
 E = Non-spawn monster count
 F = Spawn count percentage of total count
 G = Total turns spent on level
                    A         B        C        D         E        F      G
               +---------+---------+-------+---------+---------+-------+---------
         Total |       0 |    9125 |   0.0 |       0 |     196 |   0.0 |  9492
               +---------+---------+-------+---------+---------+-------+---------
           D:1 |       0 |      34 |   0.0 |       0 |      16 |   0.0 |   721
           D:2 |       0 |      70 |   0.0 |       0 |      21 |   0.0 |   602
           D:3 |       0 |     152 |   0.0 |       0 |      11 |   0.0 |   357
           D:4 |       0 |     488 |   0.0 |       0 |      15 |   0.0 |   977
           D:5 |       0 |     237 |   0.0 |       0 |      13 |   0.0 |   994
           D:6 |       0 |     658 |   0.0 |       0 |      23 |   0.0 |   782
           D:7 |       0 |    1820 |   0.0 |       0 |      40 |   0.0 |  2271
           D:8 |       0 |    4792 |   0.0 |       0 |      52 |   0.0 |  2271
        Lair:1 |       0 |     874 |   0.0 |       0 |       5 |   0.0 |   256
               +---------+---------+-------+---------+---------+-------+---------
